Map: Colonisation EC

Players

Slayed - Winner!

  • Race: Terran Terran
  • League: Platinum

Sorandom

  • Race: Zerg Zerg
  • League: Platinum

VOD

Have the link to the VOD?

Description

Time

  • Played on: April 11, 2016, 9:18 a.m.
  • Length: 31:06
Show
View Real Time Build Order
Export as new Build Order

Slayed Terran - Winner!

Build Orders: Command Center First (CC) 

Get SALT Encoding   

  12  0:01  SCV  
  13  0:13  SCV  
  14  0:22  Supply Depot  
  14  0:25  SCV  
  15  0:49  SCV  
  16  1:03  SCV  
  17  1:05  Command Center  
  17  1:15  SCV  
  17  1:18  Barracks  
  18  1:27  SCV  
  18  1:30  Refinery  
  19  1:41  Supply Depot  
  19  1:44  SCV  
  20  1:57  SCV  
  21  2:05  Supply Depot  
  21  2:07  Marine  
  22  2:12  Bunker  
  22  2:16  Orbital Command  
  22  2:22  SCV  
  23  2:23  Supply Depot  
  23  2:26  Marine  
  24  2:35  Supply Depot  
  24  2:41  Orbital Command  
  24  2:44  SCV  
  25  2:58  SCV  
  26  2:59  Barracks Reactor  
  26  3:06  Supply Depot  
  26  3:10  SCV  
  26  3:12  SCV  
  28  3:22  SCV  
  28  3:24  SCV  
  28  3:26  Factory  
  30  3:28  Refinery  
  30  3:34  SCV  
  30  3:35  Supply Depot  
  30  3:36  SCV, Marine x2  
  34  3:43  Supply Depot  
  34  3:46  SCV  
  34  3:48  SCV  
  36  3:57  Marine x2  
  36  3:58  SCV  
  36  4:00  SCV  
  40  4:08  Supply Depot  
  40  4:10  SCV  
  40  4:12  Factory Tech Lab, SCV  
  40  4:15  Starport  
  40  4:24  Marine x2  
  39  4:33  Siege Tank  
  36  4:52  Marine x2, Bunker  
  36  4:55  SCV x2  
  38  5:01  Starport Tech Lab  
  38  5:05  Factory  
  38  5:06  Engineering Bay  
  38  5:07  SCV x2  
  38  5:09  Supply Depot  
  40  5:17  Marine x2  
  40  5:19  SCV  
  44  5:21  SCV  
  44  5:27  Refinery  
  44  5:29  Banshee  
  44  5:31  SCV, Siege Tank, Refinery  
  44  5:33  SCV  
  52  5:40  Armory  
  52  5:43  SCV  
  52  5:45  Marine x2, Missile Turret  
  55  5:50  SCV  
  55  5:54  Factory Reactor  
  55  5:55  SCV  
  57  5:59  Missile Turret  
  57  6:03  Marine  
  58  6:09  Missile Turret  
  58  6:10  SCV x2  
  60  6:16  Siege Tank  
  63  6:23  Banshee  
  66  6:27  Cloaking Field  
  66  6:29  SCV x2  
  68  6:33  Hellion x2  
  72  6:41  SCV, Command Center  
  72  6:44  Terran Vehicle Weapons Level 1  
  73  6:48  Marine  
  73  6:49  Marine  
  72  6:55  Siege Tank  
  72  7:01  SCV x2  
  77  7:08  Missile Turret  
  77  7:12  Missile Turret  
  77  7:14  Supply Depot  
  77  7:16  Hellion  
  77  7:17  Missile Turret  
  77  7:21  Marine, Missile Turret  
  77  7:22  Marine  
  81  7:30  Liberator  
  81  7:33  Starport  
  81  7:40  Marine x2  
  81  7:43  Hellion x2  
  87  7:44  Siege Tank  
  93  7:58  Orbital Command  
  93  8:03  Starport  
  93  8:06  Starport  
  93  8:10  Armory x2  
  93  8:11  Building Armor  
  93  8:18  Starport Reactor  
  93  8:24  Hellion x2, Liberator  
  97  8:33  Liberator  
  89  8:42  Liberator  
  92  9:18  Missile Turret  
  92  9:20  Thor  
  92  9:22  Hellion  
  92  9:23  Hellion  
  102  9:29  Supply Depot  
  102  9:33  Supply Depot  
  102  9:34  Supply Depot  
  102  9:36  Supply Depot  
  102  9:41  Sensor Tower  
  102  9:44  Hellion x2  
  102  9:45  Missile Turret  
  106  10:05  Hellion x2  
  110  10:08  Orbital Command  
  110  10:12  Hellion x4  
  110  10:21  Hellion x5  
  110  10:22  Hellion x2  
  110  10:27  Hellion x2  
  114  10:31  Marine x2  
  111  10:36  Liberator x3  
  111  10:42  Command Center  
  102  10:48  Marine  
  102  10:49  Marine  
  104  10:52  Viking x2  
  104  10:55  SCV  
  104  10:56  SCV x2  
  116  11:05  Liberator  
  116  11:06  Marine  
  116  11:07  Marine  
  116  11:08  SCV  
  105  11:15  Missile Turret  
  105  11:16  Missile Turret  
  101  11:19  Missile Turret  
  101  11:24  Marine x2  
  106  11:30  Thor  
  106  11:31  Hellion x2  
  114  11:39  Terran Ship Weapons Level 1  
  114  11:40  Fusion Core  
  114  11:42  Terran Vehicle And Ship Armor Level 1  
  114  11:51  Refinery  
  114  11:54  Refinery  
  114  11:56  Planetary Fortress  
  114  12:05  Missile Turret  
  114  12:09  SCV x3  
  114  12:12  Missile Turret  
  114  12:13  Thor  
  114  12:14  Hellbat x2  
  114  12:15  Missile Turret  
  127  12:19  Marine x2  
  129  12:25  Starport Tech Lab  
  129  12:26  Starport Tech Lab  
  129  12:27  Liberator  
  126  12:34  Hellion  
  126  12:35  Hellion x3  
  126  12:36  Hellbat x2  
  120  12:37  Marine x2  
  120  12:43  Banshee x2  
  131  12:57  Hellbat  
  133  13:02  Banshee  
  133  13:04  Marine  
  133  13:05  Marine  
  130  13:18  Thor  
  130  13:19  Armory  
  136  13:26  Banshee  
  139  13:27  Hi-Sec Auto Tracking  
  139  13:29  Hellbat x2  
  143  13:36  Banshee  
  143  13:39  Terran Ship Weapons Level 2  
  146  13:44  Hyperflight Rotors  
  146  13:51  Hellbat x2  
  150  14:00  Command Center  
  150  14:01  Command Center  
  150  14:02  Command Center  
  88  15:08  Command Center  
  85  15:31  Thor  
  85  15:32  Hellbat x2  
  81  15:36  Terran Vehicle And Ship Armor Level 2  
  81  15:38  Advanced Ballistics  
  81  15:53  Hellion  
  81  15:54  Hellbat  
  78  16:01  Marine x2  
  74  16:15  Hellion x3  
  80  16:19  Marine  
  78  16:35  Thor  
  78  16:36  Hellbat  
  78  16:37  Hellion  
  85  16:48  Viking x3  
  85  16:53  Planetary Fortress  
  91  16:58  Hellbat x2  
  91  16:59  Planetary Fortress  
  95  17:06  Terran Vehicle Weapons Level 2  
  95  17:18  Thor  
  95  17:19  Hellion  
  95  17:20  Missile Turret  
  103  17:24  Missile Turret  
  103  17:27  Missile Turret  
  103  17:28  Missile Turret x3  
  103  17:29  Missile Turret  
  103  17:31  Liberator  
  103  17:36  Viking x2  
  107  17:39  Hellion  
  109  17:47  Factory  
  109  17:48  Banshee, Refinery  
  109  17:50  Refinery  
  115  17:55  Terran Ship Weapons Level 3  
  115  17:57  Terran Vehicle And Ship Armor Level 3  
  115  18:01  Siege Tank  
  115  18:16  SCV x2  
  115  18:17  SCV x4  
  115  18:19  Hellbat  
  123  18:21  Liberator  
  123  18:28  SCV x2  
  123  18:29  SCV  
  123  18:33  Thor  
  132  18:37  Viking x2  
  131  19:02  Hellbat x2  
  133  19:13  Refinery  
  133  19:16  Thor  
  139  19:18  Hellion x12  
  139  19:25  Terran Vehicle Weapons Level 3  
  136  19:59  Thor  
  122  20:14  Viking x3  
  122  20:15  Viking  
  123  20:42  Thor, Hellbat x2  
  113  20:52  Viking x2  
  111  21:04  Hellbat x2  
  115  21:06  Medivac  
  117  21:38  Thor  
  117  21:39  Hellbat x3  
  131  21:40  Hellbat  
  131  21:43  Viking  
  133  21:50  Command Center  
  133  21:58  Medivac  
  133  22:01  Hellbat x4  
  137  22:27  Command Center  
  133  23:02  Command Center  
  133  23:07  Planetary Fortress  
  133  23:10  Missile Turret  
  133  23:12  Command Center  
  133  23:25  SCV x5  
  138  23:28  Hellbat  
  140  23:37  SCV  
  131  24:00  SCV  
  132  24:03  Planetary Fortress  
  132  24:06  Missile Turret  
  132  24:09  Refinery  
  126  24:12  SCV  
  126  24:13  Refinery  
  127  24:21  Missile Turret  
  127  24:24  SCV, Missile Turret  
  127  24:25  Hellbat  
  130  24:34  Planetary Fortress  
  130  24:36  SCV  
  131  24:40  Refinery  
  131  24:43  Refinery  
  131  24:48  Infernal Pre-Igniter, SCV  
  102  25:08  Thor  
  102  25:09  Hellbat x4  
  100  25:26  Planetary Fortress  
  94  25:30  Hellbat x4  
  96  25:51  Hellion x2  
  96  25:52  Hellion x3  
  96  25:56  Liberator  
  90  25:57  Viking  
  90  25:58  Viking  
  94  26:07  SCV  
  95  26:12  Thor  
  95  26:13  Hellion  
  95  26:14  Viking  
  95  26:17  Hellion  
  110  26:19  SCV  
  108  26:31  SCV  
  104  26:43  SCV  
  104  26:44  SCV  
  103  26:51  Liberator  
  99  26:55  Thor, Command Center  
  99  26:56  SCV  
  106  27:02  Hellion, Hellbat  
  106  27:03  Hellion, Hellbat  
  106  27:08  SCV  
  115  27:13  Missile Turret  
  114  27:20  SCV  
  115  27:24  Hellion, Hellbat  
  115  27:25  Liberator  
  109  27:32  SCV  
  109  27:35  Hellion x9  
  110  27:38  Thor  
  110  27:43  Viking x2  
  123  27:52  Factory  
  123  28:09  Liberator  
  117  28:17  Command Center  
  113  28:25  Banshee x2  
  120  28:29  Hellion, Hellbat x4  
  130  28:40  Liberator  
  124  28:50  Hellbat  
  124  28:51  Hellbat x2  
  130  28:58  Viking  
  128  29:03  Hellion x7  
  128  29:08  Viking  
  129  29:13  Viking x2  
  126  29:28  Viking  
  126  29:30  Planetary Fortress  
  126  29:35  Command Center  
  126  29:36  Refinery  
  126  29:38  Refinery  
  124  29:40  Command Center  
  124  29:42  Missile Turret  
  124  29:45  Missile Turret  
  114  29:56  Thor  
  114  29:57  Hellbat x3  
Show
View Real Time Build Order
Export as new Build Order

Sorandom Zerg 

Build Orders: Pool First 

Get SALT Encoding   

  12  0:01  Drone  
  13  0:08  Drone  
  14  0:17  Overlord  
  14  0:24  Extractor  
  14  0:25  Drone  
  15  0:35  Drone  
  15  0:36  Drone  
  17  0:46  Spawning Pool  
  17  0:49  Drone  
  17  0:53  Extractor  
  16  1:15  Hatchery  
  16  1:18  Drone  
  16  1:21  Drone  
  17  1:25  Drone  
  18  1:38  Queen  
  20  1:42  Zergling x2  
  21  1:47  Drone  
  22  2:00  Roach Warren  
  21  2:01  Drone  
  22  2:20  Overlord  
  22  2:26  Queen  
  22  2:28  Overlord  
  24  2:40  Roach x2  
  24  2:42  Roach  
  30  2:47  Roach  
  32  2:54  Drone  
  32  2:56  Drone  
  32  2:58  Drone  
  35  3:13  Drone  
  35  3:14  Drone x4  
  40  3:21  Ravager  
  40  3:22  Ravager x2  
  43  3:27  Drone  
  43  3:28  Overlord  
  44  3:45  Hatchery  
  44  3:48  Drone x2  
  44  3:54  Overlord  
  45  4:00  Drone  
  45  4:01  Drone x2  
  48  4:06  Lair  
  48  4:23  Drone  
  48  4:31  Zergling x2  
  48  4:42  Drone  
  48  4:43  Drone x10  
  50  4:53  Extractor x2  
  50  4:55  Evolution Chamber  
  50  4:57  Evolution Chamber  
  50  4:59  Queen  
  48  5:05  Extractor  
  47  5:09  Drone  
  47  5:10  Drone x5  
  47  5:13  Spore Crawler  
  52  5:19  Drone x2  
  52  5:21  Spore Crawler  
  53  5:22  Drone x2  
  53  5:23  Drone x2  
  53  5:25  Spore Crawler  
  53  5:28  Spore Crawler  
  55  5:30  Zerg Ground Armor Level 1  
  55  5:41  Spire  
  55  5:42  Drone x2  
  56  5:43  Drone  
  56  5:45  Drone  
  56  5:47  Drone  
  59  5:51  Zerg Melee Weapons Level 1  
  59  5:56  Queen  
  61  6:01  Overlord  
  61  6:06  Drone x5  
  66  6:15  Overseer  
  66  6:17  Overlord  
  66  6:19  Overlord  
  66  6:35  Drone x4  
  66  6:36  Drone x7  
  77  6:58  Mutalisk, Zerg Flyer Weapons Level 1  
  77  6:59  Mutalisk  
  81  7:01  Overlord  
  81  7:02  Overlord x5  
  81  7:10  Extractor  
  81  7:12  Extractor  
  79  7:15  Mutalisk  
  79  7:19  Overlord  
  79  7:21  Hatchery  
  80  7:28  Mutalisk x7  
  80  7:29  Spine Crawler  
  93  7:30  Zergling x6  
  93  7:31  Zergling x6  
  93  7:35  Overseer  
  99  7:46  Mutalisk  
  99  7:47  Mutalisk  
  99  7:50  Overlord x2  
  103  7:57  Metabolic Boost  
  103  7:58  Overlord x2  
  103  7:59  Infestation Pit, Zergling x2  
  103  8:00  Zergling x4  
  103  8:05  Overseer  
  105  8:06  Zergling x4  
  105  8:10  Zerg Melee Weapons Level 2  
  105  8:12  Overlord  
  107  8:15  Drone x2  
  109  8:23  Mutalisk  
  109  8:24  Mutalisk  
  109  8:27  Overlord  
  113  8:28  Extractor  
  113  8:30  Extractor  
  111  8:39  Mutalisk  
  109  8:45  Mutalisk x2  
  111  8:55  Mutalisk  
  111  8:56  Mutalisk  
  115  9:10  Mutalisk x2  
  115  9:16  Zergling x16  
  127  9:18  Overlord  
  127  9:23  Hive  
  127  9:30  Zerg Ground Armor Level 2  
  127  9:33  Zergling x6  
  127  9:34  Zergling x8  
  134  9:44  Overlord x2  
  134  9:45  Zergling x6  
  137  9:54  Hatchery  
  136  10:06  Hatchery  
  135  10:08  Zergling x26  
  148  10:14  Baneling Nest  
  147  10:21  Corruptor  
  147  10:22  Corruptor x4  
  147  10:27  Zergling x2  
  156  10:42  Zergling x2  
  137  10:57  Zerg Flyer Weapons Level 2  
  137  11:00  Ultralisk Cavern  
  136  11:07  Mutalisk x3  
  140  11:16  Mutalisk x2  
  144  11:21  Baneling x3  
  144  11:24  Zerg Melee Weapons Level 3  
  144  11:25  Centrifical Hooks  
  144  11:43  Queen  
  146  11:47  Chitinous Plating  
  146  11:49  Ultralisk x4  
  170  12:07  Ultralisk x2  
  182  12:16  Ultralisk  
  176  12:37  Ultralisk x2  
  178  12:45  Zergling x16  
  186  12:55  Drone  
  187  13:10  Zergling x2  
  187  13:11  Zergling x4  
  187  13:12  Zergling x20  
  200  13:13  Zerg Flyer Armor Level 1  
  200  13:50  Extractor  
  200  13:52  Extractor  
  175  14:11  Zergling x2  
  175  14:12  Zergling x12  
  175  14:13  Zergling x14  
  175  14:14  Zergling x2, Corruptor x3  
  175  14:15  Corruptor x2  
  175  14:16  Corruptor x2  
  163  14:23  Corruptor x2  
  140  14:32  Corruptor x2  
  129  14:42  Corruptor  
  129  14:43  Corruptor  
  129  14:44  Corruptor  
  130  14:49  Zergling x2  
  130  14:50  Zergling x2  
  131  15:12  Overseer x3  
  131  15:15  Corruptor x3  
  127  15:36  Ultralisk x3  
  127  15:42  Drone  
  143  16:00  Drone  
  143  16:01  Drone x5  
  138  16:16  Corruptor  
  138  16:17  Corruptor x4  
  145  16:20  Greater Spire  
  142  16:34  Drone  
  142  16:35  Drone  
  142  16:36  Zerg Ground Armor Level 3  
  144  16:49  Drone x4  
  144  16:50  Drone x2  
  150  16:58  Zergling x4  
  152  17:13  Zergling x8  
  152  17:14  Roach  
  152  17:15  Roach x2  
  162  17:32  Brood Lord x6  
  162  17:36  Brood Lord  
  169  18:17  Corruptor x5  
  169  18:18  Corruptor  
  182  18:20  Zergling x2  
  182  18:22  Hatchery  
  181  18:38  Roach  
  181  18:39  Roach x3  
  185  19:14  Zerg Flyer Weapons Level 3  
  185  19:15  Zergling x2  
  185  19:16  Zergling x8  
  190  19:17  Zerg Missile Weapons Level 1  
  190  19:26  Roach  
  190  19:28  Ultralisk  
  198  19:36  Drone  
  199  19:58  Zergling x2  
  193  20:05  Zergling x16  
  193  20:06  Zergling x6  
  197  20:10  Spine Crawler  
  197  20:12  Spine Crawler  
  195  20:15  Zergling x4  
  195  20:16  Zergling x4  
  195  20:18  Zergling x2  
  195  20:19  Zergling x10  
  196  20:27  Zergling x4  
  178  20:44  Zergling x6  
  168  21:03  Brood Lord  
  162  21:05  Brood Lord  
  162  21:06  Brood Lord  
  162  21:07  Zergling x16  
  162  21:08  Zergling x18  
  162  21:09  Queen  
  162  21:10  Queen x2  
  189  21:13  Drone  
  189  21:15  Extractor  
  189  21:19  Brood Lord  
  189  21:21  Zergling x2  
  189  21:22  Zergling x2  
  193  21:48  Drone x3  
  193  21:51  Zerg Flyer Armor Level 2  
  193  21:54  Zergling x6  
  197  21:58  Baneling x3  
  197  21:59  Baneling x7  
  183  22:18  Zergling x2  
  183  22:19  Zergling x32  
  194  22:34  Zergling x2  
  194  22:35  Zergling x6  
  170  22:50  Ultralisk  
  169  22:57  Extractor  
  168  23:05  Mutalisk  
  168  23:10  Hatchery  
  167  23:48  Hatchery  
  160  24:25  Viper x3  
  169  24:37  Hatchery  
  168  24:39  Zergling x2  
  168  24:40  Zergling x26  
  172  24:57  Zergling x2  
  159  25:02  Zergling x2  
  159  25:03  Zergling x24  
  142  25:17  Zergling x12  
  142  25:21  Brood Lord x2  
  146  25:23  Zergling x2  
  146  25:24  Zergling x6  
  144  25:33  Zergling x8  
  124  25:46  Zergling x16  
  124  25:48  Zergling x2  
  124  25:49  Brood Lord, Zergling x2  
  133  26:00  Zergling x2  
  133  26:01  Zergling x10  
  139  26:05  Brood Lord  
  139  26:06  Corruptor  
  139  26:08  Zergling x12  
  143  26:26  Zergling x10  
  143  26:27  Zergling x24  
  143  26:31  Ultralisk  
  143  26:32  Ultralisk  
  130  27:33  Ultralisk Cavern  
  129  27:42  Extractor  
  128  27:45  Extractor, Drone x3  
  105  27:58  Corruptor  
  105  27:59  Corruptor x6  
  105  28:00  Zergling x2  
  105  28:01  Zergling x18  
  129  28:24  Zergling x6  
  129  28:25  Zergling x8  
  134  28:41  Corruptor  
  134  28:42  Corruptor x2  
  134  28:43  Zergling x4  
  134  28:44  Zergling x16  
  150  29:01  Hatchery  
  147  29:02  Zergling x2  
  147  29:03  Zergling x22  
  147  29:04  Zergling x2  
  147  29:05  Zergling x8  
  164  29:12  Corruptor x2  
  160  29:21  Zergling x12  
  147  29:29  Zergling x2  
  147  29:30  Zergling x16  
  150  29:39  Brood Lord x2  
  150  29:45  Drone x6  
  149  30:18  Corruptor x2  
  149  30:20  Zergling x10  
  113  30:32  Corruptor  
  113  30:46  Zergling x2  
  113  30:47  Zergling x12  
  113  30:48  Zergling x12  
  113  30:49  Zergling x4  
Tags
 
Add a new tag
Caveats
  • Supply blocks, unpowered buildings, or Contaminate may cause inaccurate times.
  • Supply counts are checked every 10 seconds.